 Dungeon Crawl Stone Soup version 0.32-a0-900-g30fb1b0edc (webtiles) character file.

Game seed: 13348059783165004482

529 Aldia the Scholar of Death (level 7, -8/50 HPs)
             Began as a Human Necromancer on Apr 5, 2024.
             Was a Follower of Kikubaaqudgha.
             Mangled by a gnoll
             ... wielding a +0 halberd
              (12 damage)
             ... on level 4 of the Dungeon.
             The game lasted 00:08:43 (4302 turns).

Aldia the Scholar of Death (Human Necromancer)      Turns: 4302, Time: 00:08:44

Health: -8/50      AC:  5    Str:  9    XL:     7   Next: 23%
Magic:  0/12       EV: 11    Int: 17    God:    Kikubaaqudgha [*.....]
Gold:   170        SH:  0    Dex: 13    Spells: 5/13 levels left

rFire   . . .        q - staff of death
rCold   . . .        (no shield)
rNeg    + . .        a - +0 robe
rPois   .            (no helmet)
rElec   .            m - scarf {+Inv}
rCorr   .            j - +2 pair of gloves
SInv    .            (no boots)
Will    .....        (no amulet)
Stlth   ++           (no ring)
HPRegen 0.28/turn    (no ring)
MPRegen 0.13/turn

%: no passive effects
@: animating dead
A: explore regen
a: Renounce Religion, Evoke Invisibility, Unearth Wretches


You were on level 4 of the Dungeon.
You worshipped Kikubaaqudgha.
Kikubaaqudgha was aware of your devotion.
You visited 2 branches of the dungeon, and saw 5 of its levels.

You collected 170 gold pieces.

Inventory:

Hand Weapons
 c - a +0 dagger
 e - a +3 dagger of freezing
 l - a +1 short sword of holy wrath
Armour
 a - a +0 robe (worn)
 j - a +2 pair of gloves (worn)
 m - a scarf of invisibility (worn)
 A - the +0 leather armour of Raleirigi {rF+ rCorr Str+4}
   (You took it off a goblin on level 3 of the Dungeon)

   Str+4:     It affects your strength (+4).
   rF+:       It protects you from fire.
   rCorr:     It protects you from acid and corrosion.
Magical Staves
 p - a staff of alchemy
 q - a staff of death (weapon)
Talismans
 h - a beast talisman
 r - a talisman of death
Scrolls
 f - 2 scrolls of teleportation
 g - a scroll of identify {unknown}
 i - a scroll of vulnerability {unknown}
 k - a scroll of fear {unknown}
 n - 2 scrolls of enchant weapon {unknown}
 t - a scroll of butterflies {unknown}
 u - a scroll of poison {unknown}
 v - a scroll of blinking {unknown}
 y - a scroll of enchant armour {unknown}
Potions
 b - a potion of magic
 d - 2 potions of berserk rage
 o - a potion of attraction {unknown}
 w - a potion of might {unknown}
 x - 3 potions of enlightenment {unknown}
 z - a potion of cancellation {unknown}
 B - a potion of degeneration {unknown}


   Skills:
 + Level 2.1 Fighting
 + Level 2.1 Dodging
 - Level 3.0 Stealth
 + Level 3.9 Spellcasting
 * Level 6.8 Necromancy


You had 5 spell levels left.
You knew the following spells:

 Your Spells              Type           Power      Damage    Failure   Level
a - Necrotise             Necr           100%       1d9       1%          1
b - Vampiric Draining     Necr           39%        2d8       3%          3
c - Animate Dead          Necr           39%        N/A       10%         4

Your spell library contained the following spells:

 Spells                   Type           Power      Damage    Failure   Level
 Sublimation of Blood     Necr           39%        N/A       1%          2
 Fugue of the Fallen      Necr           39%        N/A       3%          3
 Kiss of Death            Conj/Necr      88%        2d12      4%          1
 Cigotuvi's Dreadful Rot  Necr/Alch/Air  32%        N/A       10%         2
 Dispel Undead            Necr           39%        3d16      10%         4
 Apportation              Tloc           6%         N/A       16%         1
 Freeze                   Ice            12%        1d3       16%         1
 Jinxbite                 Hex            6%         N/A       24%         2
 Lesser Beckoning         Tloc           6%         N/A       24%         2
 Curse of Agony           Necr           39%        N/A       26%         5
 Confusing Touch          Hex            3%         N/A       43%         3
 Frozen Ramparts          Ice            6%         1d1       43%         3
 Hailstorm                Conj/Ice       3%         3d5       43%         3
 Inner Flame              Hex/Fire       3%         N/A       43%         3
 Maxwell's Portable Pile  Tloc           3%         2d(5-14)  43%         3
 Teleport Other           Tloc           3%         N/A       43%         3
 Flame Wave               Conj/Fire      3%         2d5       85%         4
 Sticky Flame             Fire/Alch      3%         2d4       85%         4
 Alistair's Intoxication  Alch           2%         N/A       99%         5
 Dispersal                Tloc           1%         N/A       100%        6
 Gell's Gavotte           Tloc           1%         2d(12-17) 100%        6


Dungeon Overview and Level Annotations

Branches:
Dungeon (4/15)             Temple (1/1) D:4

Altars:
Ashenzari
Cheibriados
Dithmenos
Elyvilon
Fedhas
Kikubaaqudgha
Makhleb
Qazlal
Sif Muna
Vehumet
Wu Jian
Xom


Innate Abilities, Weirdness & Mutations

You regain HP and MP as you explore.


Message History

Your gnoll zombie barely misses the gnoll.
The gnoll hits you with a +0 spear. The gnoll hits you with a +0 halberd!
You hit the gnoll.
The gnoll is almost dead.
Your gnoll zombie hits the gnoll.
The gnoll barely misses you.
Your gnoll zombie hits the gnoll but does no damage.
The gnoll hits you with a +0 spear!
Your magical contamination has completely faded away.
You hit the gnoll.
The gnoll is almost dead.
The gnoll hits you with a +0 halberd.
* * * LOW HITPOINT WARNING * * *
The gnoll hits you with a +0 spear.
* * * LOW HITPOINT WARNING * * *
Your gnoll zombie barely misses the gnoll.
Your gnoll zombie hits the gnoll but does no damage.
Casting: Necrotise (safe; 1% risk of failure)
Confirm with . or Enter, or press ? or * to list all spells.
Aiming: Necrotise (safe; 1% risk of failure)
Press: ? - help, Shift-Dir - straight line, f/p - gnoll
Aim: a gnoll, wielding a +0 spear (almost dead, ally target, chance to affect: 88%)
You feel a surge of power!
The gnoll writhes in agony!
You kill the gnoll!
Kikubaaqudgha accepts your kill.
The dead are walking!
The gnoll barely misses you.
Your gnoll zombie hits the gnoll.
Unknown command.
Unknown command.
You hit the gnoll.
The gnoll is moderately wounded.
The gnoll hits you with a +0 halberd!
* * * LOW HITPOINT WARNING * * *
Your gnoll zombie closely misses the gnoll.
Your gnoll zombie barely misses the gnoll.
Your gnoll skeleton hits the gnoll.
You hit the gnoll but do no damage.
The gnoll is moderately wounded.
The gnoll hits you with a +0 halberd!
You die...
Kikubaaqudgha rasps: You have failed me!
Welcome... death!

........... ###...
......#.#....### .....
.............### ....
.......##..#....
#.......#..............#.
#.......#......##........
#....##Z..#...# #####.#..
#....#.gZ.....# #......
#....#.Z@.....# #..####
#....#........#####...##.
#....#...#....#........#.
#........#....#..........
#....#...# ...#........#.
####.#...# ...#.Z......#.
#...#...######.....^..##
#...#..................#
#...##.#######.........#


You could see a gnoll (ally target), 2 friendly gnoll zombies and a friendly
gnoll skeleton.

Vanquished Creatures
  Eustachio (D:4)
  A scorpion (D:4)
  2 bombardier beetles (D:4)
  Natasha (twice) (D:3)
  An orc wizard (D:3)
  3 gnolls (D:4)
  4 adders
  4 dart slugs
  A ribbon worm (D:2)
  5 orcs
  4 ball pythons
  7 endoplasms
  5 giant cockroaches
  8 goblins
  8 hobgoblins
  7 jackals
  4 quokkas
  7 bats
  4 frilled lizards
  5 kobolds
  2 rats (D:2)
85 creatures vanquished.

Vanquished Creatures (collateral kills)
  A hound (D:4)
  A dart slug (D:3)
  An orc (D:3)
  A jackal (D:4)
  A frilled lizard (D:1)
  A kobold (D:2)
6 creatures vanquished.

Vanquished Creatures (others)
  An orc zombie (D:4)
  A quokka zombie (D:4)
2 creatures vanquished.

Grand Total: 93 creatures vanquished

Notes
Turn   | Place    | Note
-------+----------+-------------------------------------------
     0 | D:1      | Aldia the Human Necromancer began the quest for the Orb.
     0 | D:1      | Reached XP level 1. HP: 13/13 MP: 3/3
   168 | D:1      | Reached XP level 2. HP: 19/19 MP: 3/5
   580 | D:1      | Reached XP level 3. HP: 24/24 MP: 6/6
   584 | D:1      | Learned a level 3 spell: Vampiric Draining
  1775 | D:2      | Reached XP level 4. HP: 30/30 MP: 4/7
  1780 | D:2      | Learned a level 4 spell: Animate Dead
  2496 | D:3      | Reached skill level 5 in Necromancy
  2628 | D:3      | Noticed Natasha
  2636 | D:3      | Killed Natasha
  2637 | D:3      | Reached XP level 5. HP: 33/36 MP: 0/9
  2651 | D:3      | Identified the +0 leather armour of Raleirigi {rF+ rCorr
                  | Str+4}
  2663 | D:3      | Found a broken altar of Ashenzari.
  2663 | D:3      | Found a shimmering altar of Xom.
  2690 | D:3      | Found a faded altar of an unknown god.
  3062 | D:3      | Noticed Natasha
  3066 | D:3      | Killed Natasha
  3067 | D:3      | Reached skill level 1 in Fighting
  3266 | D:4      | Reached XP level 6. HP: 23/43 MP: 1/10
  3394 | D:4      | Found a staircase to the Ecumenical Temple.
  3401 | Temple   | Entered the Ecumenical Temple
  3408 | Temple   | Became a worshipper of Kikubaaqudgha
  3501 | D:4      | Reached skill level 6 in Necromancy
  3628 | D:4      | Found a shadowy altar of Dithmenos.
  3727 | D:4      | Noticed Eustachio
  3734 | D:4      | Killed Eustachio
  3735 | D:4      | Reached XP level 7. HP: 44/50 MP: 5/12
  4141 | D:4      | Found an ornate altar of the Wu Jian Council.
  4288 | D:4      | Reached * piety under Kikubaaqudgha
  4288 | D:4      | Received a gift from Kikubaaqudgha
  4302 | D:4      | Mangled by a gnoll

Illustrated notes

Levels and vault maps discovered:
D:1:      erik_arrival_cave_to_civilisation [erik_arrival_cave_to_hall],
          layout_basic, wad_floor_pattern_1, minmay_misc_feat_pillars
D:2:      layout_loops_corners, hangedman_decor_opposing, nrook_uturn,
          minmay_misc_feat_chi, nicolae_the_louvre
D:3:      layout_rooms, gammafunk_temple_overflow_statue,
          ebering_ecumenical_altar_hall, minivault_14, uniq_natasha
D:4:      layout_basic, nicolae_wu_jian_glorious_leap,
          grunt_dithmenos_smoke_and_mirrors, minmay_temple_entry_junction,
          uniq_eustachio
Temple:   hellmonk_temple_micro_hex

Skill      XL: |  1  2  3  4  5  6 |
---------------+-------------------+-----
Stealth        | 3 |  3.0
Necromancy     | 5 6 |  6.8
Spellcasting   | 3 |  3.9
Fighting       | 1 2 |  2.1
Dodging        | |  2.1

Action                     |  1- 3 |  4- 6 |  7- 9 || total
---------------------------+-------+-------+-------++-------
  Melee: Dagger            |    31 |       |       ||    31
         Staff             |       |    22 |     6 ||    28
   Cast: Necrotise         |    62 |    79 |    24 ||   165
         Vampiric Draining |       |     1 |       ||     1
         Animate Dead      |       |     1 |     1 ||     2
    Use: Scroll            |       |     1 |       ||     1
         Potion            |       |     1 |       ||     1
   Stab: Sleeping          |     6 |     1 |       ||     7
         Distracted        |     1 |       |       ||     1
 Armour: Robe              |    35 |    40 |    15 ||    90
         Leather armour    |       |     2 |       ||     2
  Dodge: Dodged            |    29 |    36 |    13 ||    78

Table legend: (Time is in decaauts)
 A = Elapsed time spent in this place.
 B = Non-inter-level travel time spent in this place.
 C = Inter-level travel time spent in this place.
 D = Time resting spent in this place.
 E = Time spent auto-exploring this place.
 F = Levels seen in this place.
 G = Mean time per level.
                   A        B        C        D        E       F      G
               +--------+--------+--------+--------+--------+-----+--------+
         Total |   4315 |   4150 |    165 |      2 |   3406 |   5 |  863.0 |
       Dungeon |   4300 |   4141 |    159 |      2 |   3406 |   4 | 1075.0 |
        Temple |     14 |      8 |      6 |      0 |      0 |   1 |   14.0 |
               +--------+--------+--------+--------+--------+-----+--------+

Top non-repeatable levels by time:
     D:1: 1316 daAuts
     D:4: 1094 daAuts
     D:2: 1065 daAuts
     D:3: 824 daAuts
  Temple: 14 daAuts
